Map: Kairos Junction LE

Players

pathogen - Winner!

  • Race: Terran Terran
  • League: Gold
  • Spawn Location: 11:00

Mesrob

  • Race: Terran Terran
  • League: Gold
  • Spawn Location: 5:00

VOD

Have the link to the VOD?

Description

Time

  • Played on: Jan. 11, 2019, 8:57 a.m.
  • Length: 17:14
Show
View Real Time Build Order
Export as new Build Order

pathogen Terran - Winner!

Build Orders: Mech 

Get SALT Encoding   

  12  0:00  SCV  
  13  0:13  SCV  
  14  0:17  Supply Depot  
  14  0:25  SCV  
  15  0:39  SCV  
  15  0:41  Barracks  
  16  0:46  Refinery  
  16  0:51  SCV  
  17  1:03  SCV  
  18  1:15  SCV  
  19  1:27  Orbital Command  
  19  1:44  Command Center  
  19  1:54  Marine, Factory  
  20  2:06  Supply Depot  
  20  2:12  SCV  
  21  2:15  Refinery  
  20  2:24  SCV  
  21  2:33  Barracks Tech Lab  
  21  2:49  Widow Mine  
  21  2:50  SCV  
  24  2:59  Orbital Command  
  24  3:01  Bunker  
  24  3:03  SCV  
  25  3:15  SCV  
  26  3:24  SCV  
  27  3:28  SCV  
  28  3:35  Command Center, Siege Tank  
  28  3:36  SCV  
  28  3:40  SCV  
  33  3:42  Engineering Bay  
  33  3:43  Supply Depot  
  33  3:48  SCV  
  33  3:52  SCV  
  33  3:53  Supply Depot  
  35  4:00  SCV  
  36  4:04  SCV  
  36  4:07  Siege Tank  
  40  4:13  SCV  
  41  4:24  Missile Turret  
  41  4:26  Hi-Sec Auto Tracking  
  41  4:32  Missile Turret  
  41  4:33  SCV x2  
  41  4:35  Missile Turret  
  43  4:39  Siege Tank  
  43  4:45  SCV x2  
  48  4:48  Missile Turret  
  48  4:54  Orbital Command, Armory  
  48  5:06  Refinery  
  48  5:07  Refinery  
  48  5:09  Missile Turret  
  48  5:13  Supply Depot  
  48  5:14  Supply Depot  
  48  5:29  SCV x3  
  51  5:41  SCV x3  
  54  5:51  Barracks Reactor  
  54  5:52  Factory  
  54  5:54  Factory  
  54  6:06  Terran Vehicle Weapons Level 1  
  54  6:08  Siege Tank  
  57  6:17  Drilling Claws  
  57  6:24  Orbital Command  
  57  6:33  Command Center  
  57  6:37  Armory  
  57  6:43  Factory Reactor  
  57  6:48  Factory  
  57  6:53  Factory  
  57  6:54  SCV x3  
  60  7:05  Thor  
  60  7:06  SCV x2  
  60  7:07  SCV  
  69  7:18  SCV  
  69  7:19  SCV x2  
  72  7:26  Command Center  
  72  7:30  SCV  
  72  7:32  SCV x2  
  75  7:40  Refinery  
  75  7:41  Refinery, Command Center  
  75  7:43  SCV  
  77  7:44  Missile Turret, SCV x2  
  77  7:48  Thor  
  77  7:51  Factory Tech Lab  
  84  7:52  Factory Tech Lab  
  84  7:54  Orbital Command  
  84  7:55  SCV  
  85  8:02  Barracks Tech Lab  
  85  8:08  Terran Vehicle And Ship Armor Level 1  
  85  8:09  Factory  
  85  8:12  Thor  
  91  8:23  Refinery x2  
  91  8:25  Missile Turret  
  91  8:26  Missile Turret  
  91  8:27  Missile Turret  
  91  8:29  Missile Turret  
  91  8:31  Missile Turret  
  91  8:33  Missile Turret  
  91  8:37  Thor  
  97  8:42  Hellbat x4  
  97  8:45  Widow Mine  
  107  8:52  Terran Vehicle Weapons Level 2  
  107  8:56  Widow Mine  
  109  9:03  Widow Mine  
  109  9:04  Widow Mine x2  
  115  9:10  Orbital Command  
  115  9:18  Command Center  
  115  9:19  Factory Tech Lab  
  115  9:22  Thor x2  
  127  9:36  Thor  
  127  9:38  Hellbat x2  
  137  9:50  SCV  
  138  10:00  Supply Depot  
  138  10:01  Supply Depot  
  138  10:02  Supply Depot  
  138  10:03  Supply Depot x2  
  138  10:19  Supply Depot  
  138  10:20  Supply Depot x2  
  138  10:22  SCV x4, Thor x2  
  138  10:23  Hellbat, Thor  
  138  10:24  Thor  
  138  10:25  Hellbat x3  
  174  10:28  Starport  
  174  10:34  SCV x3  
  174  10:35  SCV  
  178  10:41  Planetary Fortress  
  178  10:43  Refinery  
  178  10:44  Command Center  
  178  10:46  Hellbat, Refinery, Missile Turret, SCV  
  181  10:58  Hellbat x2  
  185  11:04  Thor  
  185  11:05  Thor  
  197  11:14  Terran Vehicle And Ship Armor Level 2  
  197  11:17  Terran Vehicle Weapons Level 3  
  197  11:18  Starport Tech Lab  
  197  11:39  Hellbat  
  199  11:52  Starport  
  199  11:54  Starport x2  
  199  12:00  Starport  
  199  12:03  Starport  
  199  12:05  Starport  
  164  12:42  Thor x4  
  164  12:44  Hellbat x2  
  121  12:52  Starport Tech Lab x2  
  121  12:55  Starport Tech Lab  
  113  12:59  Starport Tech Lab  
  113  13:02  Starport Tech Lab  
  113  13:03  Starport Tech Lab  
  109  13:06  Fusion Core  
  109  13:11  Factory  
  109  13:20  Planetary Fortress  
  109  13:24  Thor  
  115  13:41  Terran Ship Weapons Level 1  
  114  14:07  Battlecruiser x2  
  114  14:08  Battlecruiser x3  
  126  14:34  Thor x4  
  126  14:36  Hellbat x4  
  158  14:44  Weapon Refit  
  158  15:11  Battlecruiser  
  164  15:15  Battlecruiser  
  164  15:17  Thor  
  164  15:20  Command Center  
  176  15:22  Refinery x2  
  176  15:24  Missile Turret  
  176  15:30  Battlecruiser  
Show
View Real Time Build Order
Export as new Build Order

Mesrob Terran 

Build Orders: Mech 

Get SALT Encoding   

  12  0:00  SCV  
  13  0:12  SCV  
  14  0:17  Supply Depot  
  14  0:25  SCV  
  15  0:39  Barracks, SCV  
  16  0:44  Refinery  
  16  0:51  SCV  
  17  1:03  SCV  
  18  1:15  SCV  
  19  1:27  Orbital Command  
  19  1:28  Marine  
  20  1:42  Command Center  
  20  1:57  SCV  
  20  1:58  Bunker  
  21  2:25  SCV  
  22  2:36  Factory  
  22  2:37  SCV  
  22  2:43  Barracks Tech Lab  
  22  2:49  Supply Depot, SCV  
  23  2:55  Engineering Bay  
  23  2:56  Refinery  
  23  3:00  Orbital Command  
  23  3:01  SCV  
  24  3:33  Missile Turret  
  24  3:41  Marine  
  24  3:43  Siege Tank  
  28  3:57  Missile Turret  
  28  4:07  SCV x2  
  30  4:11  Command Center  
  30  4:15  Siege Tank  
  33  4:19  Missile Turret, SCV x2  
  35  4:31  SCV  
  36  4:32  SCV  
  37  4:43  SCV  
  37  4:44  SCV  
  39  4:47  Siege Tank  
  39  4:49  Supply Depot, Missile Turret  
  42  4:55  SCV  
  42  4:56  SCV  
  44  5:07  SCV  
  45  5:18  Sensor Tower  
  45  5:19  Siege Tank, Armory  
  45  5:20  SCV  
  50  5:21  SCV  
  50  5:25  Missile Turret  
  50  5:27  Refinery  
  50  5:33  Marine, SCV x2  
  53  5:38  Factory  
  53  5:45  SCV x2  
  55  5:52  Refinery  
  55  5:57  SCV  
  55  6:03  Planetary Fortress  
  55  6:05  Sensor Tower  
  56  6:25  Refinery, SCV  
  56  6:26  SCV  
  56  6:30  Marine  
  58  6:32  Factory Reactor  
  58  6:37  SCV  
  58  6:38  SCV  
  60  6:40  Factory  
  60  6:49  SCV  
  60  6:50  SCV x2  
  63  7:01  SCV  
  63  7:02  SCV  
  65  7:09  Missile Turret  
  65  7:12  Supply Depot  
  65  7:19  Hellbat  
  65  7:20  Hellbat  
  69  7:25  Factory Reactor  
  69  7:32  Factory  
  69  7:33  Thor  
  69  7:34  Supply Depot  
  75  7:58  Supply Depot  
  75  8:07  Hellbat x4  
  83  8:13  Terran Vehicle Weapons Level 1  
  83  8:19  Thor  
  89  8:21  Supply Depot  
  89  8:23  SCV  
  89  8:24  SCV x2  
  91  8:27  Command Center  
  91  8:36  SCV  
  91  8:38  Supply Depot  
  92  8:43  Supply Depot  
  92  8:46  Factory Tech Lab  
  92  8:52  Factory  
  92  8:54  Hellbat x2  
  92  8:55  Hellbat x2  
  100  9:02  Supply Depot, Thor  
  106  9:04  SCV x3  
  106  9:05  Supply Depot  
  106  9:09  Refinery  
  109  9:16  Hellbat x4  
  117  9:23  SCV x3  
  120  9:25  Supply Depot  
  120  9:28  Supply Depot  
  120  9:35  SCV x3  
  123  9:39  Factory Tech Lab  
  123  9:45  Thor x2  
  135  9:47  Hellbat x2, Supply Depot, SCV x3  
  135  9:48  Hellbat  
  135  9:49  Hellbat  
  135  9:50  Supply Depot  
  148  10:00  SCV x2  
  148  10:04  Planetary Fortress  
  148  10:09  Supply Depot  
  148  10:11  SCV  
  148  10:12  SCV  
  148  10:13  SCV  
  151  10:22  Supply Depot  
  151  10:23  SCV  
  151  10:24  SCV  
  151  10:25  SCV  
  151  10:28  Thor x2  
  166  10:35  Sensor Tower, SCV  
  167  10:36  SCV  
  167  10:37  SCV  
  167  10:42  Missile Turret  
  169  10:47  Refinery, SCV  
  170  10:50  Refinery  
  170  10:51  SCV  
  170  10:52  Supply Depot  
  171  10:58  Sensor Tower  
  171  11:04  Thor  
  171  11:07  Hellbat x4  
  171  11:10  Thor  
  191  11:14  Thor  
  191  11:15  Supply Depot  
  197  11:28  Hellbat  
  199  11:44  Sensor Tower  
  199  12:01  Command Center  
  199  12:02  Starport  
  199  12:14  Terran Vehicle And Ship Armor Level 1  
  199  12:18  Armory  
  143  12:49  Thor  
  143  12:50  Thor x2  
  155  12:52  Hellbat  
  155  12:53  Hellbat x3  
  163  13:13  Hellbat  
  163  13:14  Hellbat x3  
  171  13:32  Starport, Thor x3  
  189  13:35  Hellbat x2, Starport  
  189  13:38  Starport x2, Terran Vehicle Weapons Level 2  
  189  13:39  Fusion Core  
  189  13:40  Starport  
  195  14:03  Hellbat x3  
  195  14:08  Terran Ship Weapons Level 1  
  197  14:15  Thor x3  
  135  14:40  Starport Tech Lab x4  
  135  14:41  Starport Tech Lab  
  135  14:57  Thor  
  135  14:58  Thor x2  
  153  15:00  Refinery  
  153  15:01  Planetary Fortress  
  153  15:07  Battlecruiser x5  
  183  15:19  Starport Tech Lab  
  183  15:27  Refinery  
  183  15:40  Thor  
  183  15:41  Thor  
  195  15:47  Command Center  
  195  15:48  SCV  
Tags
 
Composition
MechMech
League
GoldGold
Matchup
TvT
Race
Terran
Replay Pack
sc2 replays
Spawn Locations
Cross Positions
Add a new tag
Caveats
  • Supply blocks, unpowered buildings, or Contaminate may cause inaccurate times.
  • Supply counts are checked every 10 seconds.